Workbook

Sheet receiptsandpayment
A4: 2024/25 | B4: LUDGERSHALL PARISH COUNCIL | C4: Power/Statute
A5: 1st April | B5: balances | D5: Treasurer's Current A/c | E5: 6852.73
D6: Village Green A/c | E6: 72448.75
D7: Play Area A/c | E7: 1985.09
D8: Charities A/c | E8: 452.74
D9: total | E9: =SUM(E5:E8) -> 81739.31 | J9: INCOME | Z9: EXPENDITURE
D10: Outstanding Cheques | E10: 385
D11: total minus Cheque 425 | E11: =SUM(E9)-E10 -> 81354.31
A12: date | B12: description | D12: Cheque Number | E12: Treasurer's a/c | F12: Village Green a/c | G12: Play Area a/c | H12: Charities | I12: Fishing Club A/c | J12: Precept | K12: Devolved Services | L12: Interest - Savings | M12: Marquee Hire | N12: Grants / Donations | O12: Reclaimable VAT | P12: Miscellaneous | Q12: Transfer Between Accounts | R12: Play Area Fundraising | S12: Play Area 200 Club Subscriptions | T12: Interest - Village Green | U12: Easements | V12: Wayleaves/Village Green - BT | W12: Wayleaves/Village Green - Power Networks | X12: Wayleaves/Village Green - Gigaclear | Y12: Interest Fishing Club | Z12: Clerk salary | AA12: HMRC PAYE | AB12: Clerk / Councillor expenses | AC12: Training | AD12: Subscriptions - BALC, SLCC, BPFA, OSS, AVALC | AE12: Insurance | AF12: Legal fees & Data Protection/ICO | AG12: Election Costs | AH12: Internal Audit | AI12: External Audit | AJ12: Hire of Village Hall for meetings | AK12: Transfer between Accounts | AL12: Devolved Services | AM12: Misc | AN12: Pond | AO12: Emptying dog bins | AP12: Electrical Equipment | AQ12: Grants | AR12: Website / Laptop | AS12: Archiving | AT12: Footpaths | AU12: VAT | AV12: Play Area Maintenance | AW12: Play Area Equipment | AX12: 200 Club Lottery Registration | AY12: Play Area 200 Club Prizes | AZ12: ROSPA Inspection | BA12: Trees / Ground Maintenance | BB12: Village Notice Boards / Benches - maintenance & repairs | BC12: Legal Fees for the Green | BD12: Tractor Insurance | BE12: Tractor Servicing & Repairs | BF12: Mower Servicing & Repairs | BG12: Miscellaneous | BH12: Monthly payments | BI12: Monthly receipts
A13: 45756 | B13: Interest | F13: 61.46 | H13: 0.37 | L13: 0.37 | T13: 61.46
A14: 45758 | B14: Precept - 1st Installment | E14: 5467.5 | J14: 5467.5
A15: 45775 | B15: Ludgershall Fishing Club Monies | G15: 1830.43 | P15: 1830.43
A16: 45751 | B16: Service Charges | E16: 4.25 | G16: 4.54 | BG16: 8.79
A17: 45755 | B17: Small Lottery License | E17: 20 | AX17: 20
A18: 45769 | B18: HP Ink | E18: 20.33 | AR18: 20.33
A19: 45775 | B19: BALC - Annual Subscription | E19: 71.28 | AD19: 71.28
A20: 45775 | B20: R Damerell - Clerk Salary | E20: 285.57 | Z20: 285.57
A21: 45775 | B21: HMRC - PAYE | E21: 52 | AA21: 52
A22: 45748 | B22: 200 Club April 1st | G22: 50 | AY22: 50
A23: 45748 | B23: 200 Club April 2nd | G23: 35 | AY23: 35
A24: 45748 | B24: 200 Club April 3rd | G24: 25 | AY24: 25
A25: 45748 | B25: 200 Club April 4th | G25: 20 | AY25: 20 | BH25: =SUM(Z13:BG25) -> 587.97 | BI25: =SUM(J13:X25) -> 7359.76
A26: 45786 | B26: Interest | F26: 49.99 | H26: 0.31 | L26: 0.31 | T26: 49.99
A27: 45784 | B27: C Plumb - Fishing Club Subs | E27: 10 | P27: 10
A28: 45784 | B28: G Newell - Fishing Club Subs | E28: 10 | P28: 10
A29: 45789 | B29: DE Broadway - Fishing Club Subs | E29: 10 | P29: 10
A30: 45797 | B30: DA Gough - Fishing Club Subs | E30: 10 | P30: 10
A31: 45799 | B31: Sj Plumb - Fishing Club Subs | E31: 10 | P31: 10
A32: 45783 | B32: Service Charges | E32: 4.25 | AM32: 4.25
A33: 45799 | B33: Transfer Between Accounts | E33: 40 | F33: 40 | Q33: 40 | AK33: 40
A34: 45804 | B34: Transfer Between Accounts | E34: 988.56 | G34: 988.56 | Q34: 988.56 | AK34: 988.56
A35: 45804 | B35: Transfer Between Accounts | E35: 509.36 | F35: 509.36 | Q35: 509.36 | AK35: 509.36
A36: 45804 | B36: AJG - PC insurance | E36: 1714.78 | AE36: 1714.78
A37: 45804 | B37: AJG - Tractor Insurance | E37: 509.36 | BD37: 509.36
A38: 45804 | B38: Bridget Knight - Internal Audit | E38: 130 | AH38: 130
A39: 45804 | B39: HMRC - PAYE | E39: 68.2 | AA39: 68.2
A40: 45804 | B40: J Goss - Petrol | E40: 23.56 | AB40: 23.56
A41: 45804 | B41: M Parker - Tractor Service | E41: 548.89 | BE41: 548.89
A42: 45804 | B42: R Damerell - Clerk Salary | E42: 269.37 | Z42: 269.37
A43: 45779 | B43: Transfer Between Accounts | F43: 1830.43 | G43: 1830.43 | Q43: 1830.43 | AK43: 1830.43
A44: 45783 | B44: Service Charge | G44: 6.57 | AM44: 6.57
A45: 45804 | B45: Jaam Design - Play Area Repairs | G45: 988.56 | AV45: 988.56
A46: 45804 | B46: Playsaftey - RoSPA Inspection | G46: 232.8 | AZ46: 232.8
A47: 45804 | B47: T Chettle - Goal Net Clips | G47: 18.92 | AV47: 18.92
A48: 45783 | B48: K Tiffin - Fishing Trophy | D48: 461 | G48: 33.5 | AN48: 33.5
A49: 45778 | B49: 200 Club 1st prize | G49: 50 | AY49: 50
A50: 45778 | B50: 200 Club 2nd prize | G50: 35 | AY50: 35
A51: 45778 | B51: 200 Club 3rd prize | G51: 25 | AY51: 25
A52: 45778 | B52: 200 Club 4th prize | G52: 20 | AY52: 20 | BH52: =SUM(Z26:BG52) -> 8047.11 | BI52: =SUM(J26:X52) -> 3468.65
A53: 45817 | B53: Interest | F53: 49.39 | H53: 0.3 | L53: 0.3 | T53: 49.39
A54: 45821 | B54: C Plumb - Fishing Club Subs | E54: 10 | P54: 10
A55: 45825 | B55: Bucks Council - Devolved Services Payment | E55: 1499.53 | K55: 1499.53
A56: 45834 | B56: HMRC - VAT Reclaim | E56: 2833 | O56: 2833
A57: 45811 | B57: Service Charges | G57: 4.25 | AM57: 4.25
A58: 45819 | B58: Bucks Council - Extenst Map | G58: 52.27 | BG58: 52.27
A59: 45835 | B59: Transfer Between Accounts | E59: 2833 | G59: 2833 | Q59: 2833 | AK59: 2833
A60: 45838 | B60: C Lewin - Thermos Jugs | E60: 37.98 | AB60: 37.98
A61: 45838 | B61: R Damerell - Clerk Salary | E61: 269.37 | Z61: 269.37
A62: 45838 | B62: HMRC - PAYE | E62: 68.2 | AA62: 68.2
A63: 45810 | B63: Service Charge | G63: 4.83 | AM63: 4.83
A64: 45809 | B64: 200 Club 1st prize | G64: 50 | AY64: 50
A65: 45809 | B65: 200 Club 2nd prize | G65: 35 | AY65: 35
A66: 45809 | B66: 200 Club 3rd prize | G66: 25 | AY66: 25
A67: 45809 | B67: 200 Club 4th prize | G67: 20 | AY67: 20 | BH67: =SUM(Z53:BG67) -> 3399.9 | BI67: =SUM(J53:X67) -> 7225.22
A68: 45839 | B68: Fishing Club Subs | I68: 301 | Y68: 301
A69: 45839 | B69: Fishing Club Subs | I69: 9 | Y69: 9
A70: 45839 | B70: Transfer Between Accounts | F70: 1830.42 | I70: 1830.43 | Q70: 1830.42 | AK70: 1830.42
A71: 45848 | B71: Transfer Between Accounts | E71: 60 | I71: 60 | Q71: 60 | AK71: 60
A72: 45839
A73: 45847 | B73: Interest | F73: 42.24 | H73: 0.26 | I73: 0.37 | L73: 0.26 | T73: 42.24 | Y73: 0.37
A74: 45848 | B74: Deposit | G74: 721 | R74: 721
A75: 45849 | B75: Tombola Deposit | G75: 52.13 | R75: 52.13
A76: 45852 | B76: UKPN Wayleave | F76: 279.32 | W76: 279.32
A77: 45845 | B77: Service Charge | E77: 4.25 | AM77: 4.25
A78: 45845 | B78: Printer Ink | E78: 19.95 | AM78: 19.95
A79: 45849 | B79: Spirit of Wood - Picnic Tables | E79: 1650 | BB79: 1650 | BH79: =SUM(Z59:BG79) -> 6908 | BI79: =SUM(J59:X79) -> 5818.37
A80: 45868 | B80: Spirit of Wood - Delivery of Picnic Tables | E80: 95 | BB80: 95
A81: 45868 | B81: R Damerell - Clerk Salary | E81: 269.37 | Z81: 269.37
A82: 45868 | B82: HMRC - PAYE | E82: 68.2 | AA82: 68.2
A83: 45839 | B83: Sign Wizzard - Play Area Sign | G83: 518.53 | AV83: 518.53
A84: 45839 | B84: Service Charge | G84: 5.7 | AM84: 5.7
A85: 45839 | B85: 200 Club 1st prize | G85: 50 | AY85: 50
A86: 45839 | B86: 200 Club 2nd prize | G86: 35 | AY86: 35
A87: 45839 | B87: 200 Club 3rd prize | G87: 25 | AY87: 25
A88: 45839 | B88: 200 Club 4th prize | G88: 20 | AY88: 20 | BH88: =SUM(Z68:BG88) -> 4651.42 | BI88: =SUM(J68:Y88) -> 3295.74
A89: 45883 | B89: Receipt for easement advertisement | E89: 597.89 | U89: 597.89
A90: 45873 | B90: Service Charges | E90: 4.25 | AM90: 4.25
A91: 45879 | B91: J Butler - Fishing Club Subs | E91: 10 | P91: 10
A92: 45880 | B92: Kidd Rappinet - Easement Advirtisement | E92: 597.89 | BC92: 597.89
A93: 45895 | B93: A Neale - Fete dog bowls | E93: 27 | AM93: 27
A94: 45895 | B94: Bucks Council - Election Costs | E94: 124 | AG94: 124
A95: 45895 | B95: Christine Lewin - Stakes | E95: 35.98 | AB95: 35.98
A96: 45895 | B96: C Lewin - Hook a duck game | E96: 48.6 | AB96: 48.6
A97: 45895 | B97: C Lewin - Fence Mesh | E97: 22.31 | AB97: 22.31
A98: 45880 | B98: Interest | F98: 45.84 | H98: 0.29 | I98: 1.39 | L98: 0.29 | T98: 45.84 | Y98: 1.39
A99: 45873 | B99: Service Charges | G99: 5.99 | AM99: 5.99
A100: 45870 | B100: 200 Club 1st Prize | G100: 50 | AY100: 50
A101: 45870 | B101: 200 Club 2nd prize | G101: 35 | AY101: 35
A102: 45870 | B102: 200 Club 3rd prize | G102: 25 | AY102: 25
A103: 45870 | B103: 200 Club 4th prize | G103: 20 | AY103: 20
...

Sheet bankrec
B5: LUDGERSHALL PARISH COUNCIL BANK RECONCILIATION
C7: 45382 | D7: 45412 | E7: 45443 | F7: 45473 | G7: 45504 | H7: 45535 | I7: 45565 | J7: 45596 | K7: 45626 | L7: 45657 | M7: 45688 | N7: 45716 | O7: 45747
B9: Treasurer's Current A/c | C9: 6852.73 | D9: 11866.8 | E9: 8129.19 | F9: 9206.65 | G9: 7039.88 | H9: 6787.74 | I9: 11811.42 | J9: 17681.93 | K9: 16831.63 | L9: 16237.46
B10: Village Green A/c | C10: 72448.75 | D10: 72510.21 | E10: 73921.27 | F10: 73970.66 | G10: 72461.79 | H10: 72507.63 | I10: 72547.76 | J10: 66786.34 | K10: 66821.62 | L10: 66853.47
B11: Play Area A/c | C11: 1985.09 | D11: 3660.98 | E11: 1488.76 | F11: 4091.93 | G11: 4215.83 | H11: 4209.84 | I11: 4032.78 | J11: 6352.49 | K11: 7782.37 | L11: 7716.38
B12: Charities A/c | C12: 452.74 | D12: 453.11 | E12: 453.42 | F12: 453.72 | G12: 453.98 | H12: 454.27 | I12: 454.52 | J12: 454.74 | K12: 454.98 | L12: 455.2
B13: Fishing Club A/c | C13: 0 | D13: 0 | E13: 0 | F13: 0 | G13: 2200.8 | H13: 2202.19 | I13: 2203.41 | J13: 2204.5 | K13: 2205.66 | L13: 2206.71
B14: Total | C14: 81739.31 | D14: =SUM(D9:D13) -> 88491.1 | E14: =SUM(E9:E13) -> 83992.64 | F14: =SUM(F9:F13) -> 87722.96 | G14: =SUM(G9:G13) -> 86372.28 | H14: =SUM(H9:H13) -> 86161.67 | I14: =SUM(I9:I13) -> 91049.89 | J14: =SUM(J9:J13) -> 93480 | K14: =SUM(K9:K13) -> 94096.26 | L14: =SUM(L9:L13) -> 93469.22 | M14: =SUM(M9:M12) -> 0 | N14: =SUM(N9:N12) -> 0 | O14: =SUM(O9:O12) -> 0
A17: A | B17: Change in Bank Balance (A) | C17: -17541.66 | D17: =D14-C14 -> 6751.79 | E17: =E14-D14 -> -4498.46 | F17: =F14-E14 -> 3730.32 | G17: =G14-F14 -> -1350.68 | H17: =H14-G14 -> -210.61 | I17: =I14-H14 -> 4888.22 | J17: =J14-I14 -> 2430.11 | K17: =K14-J14 -> 616.26 | ... O17: =O14-N14 -> 0
B20: Receipts | C20: 10714.87 | D20: =receiptsandpayment!BI25 -> 7359.76 | E20: =receiptsandpayment!BI52 -> 3468.65 | F20: =receiptsandpayment!BI67 -> 7225.22 | G20: =receiptsandpayment!BI88 -> 3295.74 | H20: =receiptsandpayment!BI105 -> 685.41 | I20: =receiptsandpayment!BI121 -> 5699.1 | J20: =receiptsandpayment!BI159 -> 5312.3 | K20: =receiptsandpayment!BI199 -> 1566.68 | L20: =receiptsandpayment!BI215 -> 93.12 | M20: =receiptsandpayment!BI288 -> 0 | N20: =receiptsandpayment!BI295 -> 0 | O20: =receiptsandpayment!BI315 -> 0
B21: Payments | C21: 28196.53 | D21: =receiptsandpayment!BH25 -> 587.97 | E21: =receiptsandpayment!BH52 -> 8047.11 | F21: =receiptsandpayment!BH67 -> 3399.9 | G21: =receiptsandpayment!BH88 -> 4651.42 | H21: =receiptsandpayment!BH105 -> 1026.02 | I21: =receiptsandpayment!BH121 -> 865.88 | J21: =receiptsandpayment!BH159 -> 2767.19 | K21: =receiptsandpayment!BH199 -> 985.42 | L21: =receiptsandpayment!BH215 -> 730.16 | M21: =receiptsandpayment!BH288 -> 0 | N21: =receiptsandpayment!BH295 -> 0 | O21: =receiptsandpayment!BH315 -> 0
B22: Difference(B) | C22: -17481.66 | D22: =D20-D21 -> 6771.79 | E22: =E20-E21 -> -4578.46 | F22: =F20-F21 -> 3825.32 | G22: =G20-G21 -> -1355.68 | H22: =H20-H21 -> -340.61 | I22: =I20-I21 -> 4833.22 | J22: =J20-J21 -> 2545.11 | K22: =K20-K21 -> 581.26 | ... O22: =O20-O21 -> 0
B26: Difference (A-B) | C26: -60 | D26: =D17-D22 -> -20 | E26: =E17-E22 -> 80 | F26: =F17-F22 -> -95 | G26: =G17-G22 -> 5 | H26: =H17-H22 -> 130 | I26: =I17-I22 -> 55 | J26: =J17-J22 -> -115 | K26: =K17-K22 -> 35 | ... O26: =O17-O22 -> 0
B29: Cheques now paid | C29: Cheque 438 - £35.00 Cheque 439 - £25.00 Cheque 441 - £50.00 Cheque 442 - £35.00 Cheque 443 - £25.00 Cheque 444 - £20.00 | D29: Cheque 437 - £50.00 Cheque 440 - £20.00 Cheque 446 - £35.00 Cheque 447 - £25.00 Cheque 448 - £20.00 | E29: Cheque 449 - £50.00 | F29: Cheque 445 - £50.00 Cheque 450 - £35.00 Cheque 451 - £25.00 Cheque 454 - £35.00 Cheque 455 - £25.00 Cheque 456 - £20.00 | G29: Cheque 453 - £50.00 Cheque 457 - £50.00 Cheque 459 - £25.00 | I29: Cheque 462 - £50.00 Cheque 464 - £25.00 | J29: Cheque 463 - £35.00 Cheque 465 - £20.00 Cheque 468 - £25.00 Cheque 467 - £35.00 Cheque 470 - £50.00 Cheque 471 - £35.00 Cheque 472 - £25.00 Cheque 473 - £20.00 | K29: Cheque 475 - £35.00 | L29: Cheque 477 - £20.00 Cheque 478 - £50.00 Cheque 541 - £50.00
B30: TOTAL | C30: 190 | D30: 150 | E30: 50 | F30: 190 | G30: 125 | H30: 0 | I30: 75 | J30: 245 | K30: 35 | L30: 120
B31: Cheques not yet presented | C31: Cheque 445 - £50.00 Cheque 446 - £35.00 Cheque 447 - £25.00 Cheque 448 - £20.00 | D31: Cheque 449 - £50.00 Cheque 450 - £35.00 Cheque 451 - £25.00 Cheque 452 - £20.00 | E31: Cheque 453 - £50.00 Cheque 454 - £35.00 Cheque 455 - £25.00 Cheque 456 - £20.00 | F31: Cheque 457 - £50.00 Cheque 459 - £25.00 Cheque 460 - £20.00 | G31: Cheque 462 - £50.00 Cheque 463 - £35.00 Cheque 464 - £25.00 Cheque 465 - £20.00 | H31: Cheque 466 - £50.00 Cheque 467 - £35.00 Cheque 468 - £25.00 Cheque 469 - £20.00 | I31: Cheque 470 - £50.00 Cheque 471 - £35.00 Cheque 472 - £25.00 Cheque 473 - £20.00 | J31: Cheque 478 - £50.00 Cheque 475 - £35.00 Cheque 476 - £25.00 Cheque 477 - £20.00 | K31: Cheque 541 - £50.00 Cheque 544 - £20.00 | L31: Cheque 545 - £50.00 Cheque 546 - £35.00 Cheque 547 - £25.00 Cheque 548 - £20.00
B32: TOTAL | C32: 130 | D32: 130 | E32: 130 | F32: 95 | G32: 130 | H32: 130 | I32: 130 | J32: 130 | K32: 70 | L32: 130
B33: NET TOTAL AGREES TO DIFFERENCE (A-B above) | C33: -60 | D33: =D32-D30 -> -20 | E33: =E32-E30 -> 80 | F33: =F32-F30 -> -95 | G33: =G32-G30 -> 5 | H33: =H32-H30 -> 130 | I33: =I32-I30 -> 55 | J33: =J32-J30 -> -115 | K33: =K32-K30 -> 35 | ... O33: =O32-O30 -> 0

Sheet Budget
B2: Ludgershall Parish Council
H5: 2024/25
H6: Budget | I6: Year to Date 2023/24
B7: Opening Bank Balance 1st April | H7: 81739.31
B8: Unpresented chq | H8: 385
B9: Opening Book Balance - available for spend | H9: =SUM(H7-H8) -> 81354.31
B11: RECEIPTS
A12: Treasurers | B12: Precept | H12: 10935 | I12: =receiptsandpayment!J406 -> 10935
B13: Devolved Services Allowance from BCC | H13: 1400 | I13: =receiptsandpayment!K406 -> 1499.53
B14: Interest - Savings a/c | H14: 4.5 | I14: =receiptsandpayment!L406 -> 2.46
B15: Marquee Hire | H15: 150 | I15: =receiptsandpayment!M406 -> 150
B16: Grants / Donations | H16: 0 | I16: =receiptsandpayment!N406 -> 0
B17: Reclaimable VAT | H17: 1500 | I17: =receiptsandpayment!O406 -> 2833
B18: Miscellaneous | H18: 200 | I18: =receiptsandpayment!P406 -> 4058.88
B19: Transfer Between Accounts | I19: =receiptsandpayment!Q406 -> 8091.77
A20: Play Area | B20: Play Area fundraising | H20: 500 | I20: =receiptsandpayment!R406 -> 773.13
B21: Play Area Account - 200 Club | H21: 1300 | I21: =receiptsandpayment!S406 -> 2150
A22: Village Green | B22: Interest - Village Green A/c | H22: 800 | I22: =receiptsandpayment!T406 -> 391.96
B23: Easement receipt | H23: 0 | I23: =receiptsandpayment!U406 -> 597.89
B24: Wayleaves - BT | H24: 2626.76 | I24: =receiptsandpayment!V406 -> 2626.76
B25: Wayleaves - UK PowerNetwork | H25: 450 | I25: =receiptsandpayment!W406 -> 279.32
B26: Wayleaves - Gigaclear | H26: 650 | I26: =receiptsandpayment!X406 -> 0
B27: Fishing Club | I27: =receiptsandpayment!Y406 -> 316.28
B28: TOTAL | H28: =SUM(H12:H26) -> 20516.26 | I28: =SUM(I12:I27) -> 34705.98 | J28: =SUM(I28-I19)-I12 -> 15679.21 | L28: =SUM(I28-I12)-I19 -> 15679.21
B29: TOTAL w/o Village Green & Play Area income | C29: =C28-C21-C22-C23-C24-C25-C26-#REF! -> #REF! | H29: =H28-H20-H21-H22-H23-H24-H25-H26 -> 14189.5 | I29: =I28-I20-I21-I22-I23-I24-I25-I26-I27 -> 27570.64
B31: PAYMENTS
B32: Wages net of PAYE | H32: 3109.6 | I32: =receiptsandpayment!Z406 -> 2510.37 | J32: =SUM(I32:I33) -> 3124.77
B33: HMRC PAYE | H33: 777.4 | I33: =receiptsandpayment!AA406 -> 614.4
B34: Clerk's Expenses & Stationery | H34: 400 | I34: =receiptsandpayment!AB406 -> 242.17 | K34: =SUM(I34:I67)-I43 -> 11844.53
B35: Training Costs | H35: 200 | I35: =receiptsandpayment!AC406 -> 0
B36: Subscriptions - BALC, OSS, | H36: 100 | I36: =receiptsandpayment!AD406 -> 71.28
B37: Insurance | H37: 1800 | I37: =receiptsandpayment!AE406 -> 1714.78
B38: Data protection - ICO | H38: 40 | I38: =receiptsandpayment!AF406 -> 0
B39: Election Costs | H39: 0 | I39: =receiptsandpayment!AG406 -> 124
B40: Internal Audit | H40: 100 | I40: =receiptsandpayment!AH406 -> 130
B41: External Audit | H41: 0 | I41: =receiptsandpayment!AI406 -> 252
B42: Hire of Village Hall for meetings | H42: 250 | I42: =receiptsandpayment!AJ406 -> 0
B43: Transfer between Accounts | I43: =receiptsandpayment!AK406 -> 8091.77
B44: Devolved Services (Tractor Repairs etc) | H44: 1184 | I44: =receiptsandpayment!AL406 -> 0
B45: Village Events | H45: 300 | I45: =receiptsandpayment!AM406 -> 461.96
B46: Pond | H46: 0 | I46: =receiptsandpayment!AN406 -> 84.49
B47: Emptying of Dog Bins (AVDC) | H47: 500 | I47: =receiptsandpayment!AO406 -> 0
B48: Electrical Equipment - MVAS, PA system, Defib | H48: 200 | I48: =receiptsandpayment!AP406 -> 0
B49: Grants Section 137 | H49: 500 | I49: =receiptsandpayment!AQ406 -> 400
B50: Website / Laptop | H50: 300 | I50: =receiptsandpayment!AR406 -> 130.32
B51: Archiving | H51: 15 | I51: =receiptsandpayment!AS406 -> 0
B52: Footpaths | H52: 100 | I52: =receiptsandpayment!AT406 -> 0
B53: VAT | I53: =receiptsandpayment!AU406 -> 0
B54: PLAY AREA
A55: Play Area | B55: Play Area Maintenance | H55: 1500 | I55: =receiptsandpayment!AV406 -> 1526.01
B56: Pay Area Equipment | H56: 1500 | I56: =receiptsandpayment!AW406 -> 79.2
B57: 200 Club lottery registration | H57: 40 | I57: =receiptsandpayment!AX406 -> 20
B58: Play Area 200 Club prizes | H58: 1680 | I58: =receiptsandpayment!AY406 -> 1304.14
B59: RoSPA Inspection | H59: 150 | I59: =receiptsandpayment!AZ406 -> 232.8
B60: VILLAGE GREEN
A61: Village Green | B61: Trees & Grounds Maintenance | H61: 1500 | I61: =receiptsandpayment!BA406 -> 0
B62: Village Notice Boards / Benches - maintenance & repairs | H62: 2500 | I62: =receiptsandpayment!BB406 -> 2585
B63: Legal Fees for the Green | H63: 1000 | I63: =receiptsandpayment!BC406 -> 597.89
B64: Tractor Insurance | H64: 600 | I64: =receiptsandpayment!BD406 -> 509.36
B65: Tractor servicing & repairs | H65: 1500 | I65: =receiptsandpayment!BE406 -> 548.89
B66: Mower servicing & repairs | H66: 300 | I66: =receiptsandpayment!BF406 -> 0
B67: Miscellaneous | I67: =receiptsandpayment!BG406 -> 830.24
B68: TOTAL | H68: =SUM(H32:H67) -> 22146 | I68: =SUM(I32:I67) -> 23061.07 | J68: =SUM(I68-I43)-J32 -> 11844.53
B69: Total w/o Village Green, Play Area expenditure | C69: =C68-C55-C58-C61 -> 0 | H69: =H68-H55-H56-H57-H58-H59-H61-H62-H63-H64-H65-H66 -> 9876 | I69: =I68-I55-I58-I61 -> 20230.92
B71: TOTAL RECEIPTS LESS TOTAL PAYMENTS | C71: =C28-C68 -> 0 | H71: =H28-H68 -> -1629.74 | I71: =I28-I68 -> 11644.91
B73: CLOSING BOOK BALANCE | H73: =H9+H71 -> 79724.57 | I73: =H9+I71 -> 92999.22
B74: Chqs not yet presented
B75: 2024-25 | I75: 185
B76: April 2025 | I76: 20 | L76: =SUM(I75:I81) -> 470
B77: June 2025 | I77: 20
B78: August 2025 | I78: 70
B79: October 2025 | I79: 25
B80: November 2025 | I80: 20
B81: December 2025 | I81: 130
B82: CLOSING BANK BALANCE | I82: =SUM(I73:I81) -> 93469.22
B84: Reconciliation | I84: 2024/25
B85: Balance at Bank 1st April 2024 | I85: 81354.31
B86: Add: Income | I86: =I28 -> 34705.98
B87: Less: Expenditure | I87: =I68 -> 23061.07
B88: Balance available at Bank | I88: =I85+I86-I87 -> 92999.22
B90: Bank Reconciliation
B91: Treasurer's Current A/c | I91: 16237.46
B92: Village Green A/c | I92: 66853.47
B93: Play Area A/c | I93: 7716.38
B94: Charities A/c | I94: 455.2
B95: Fishing Club A/c | I95: 2206.71
B96: Balance at Bank | I96: =SUM(I91:I95) -> 93469.22
B97: Cheques not deposited | I97: 470
B98: Available at 31-12-24 | I98: =I96-I97 -> 92999.22

Sheet Explanation of Variances
A1: Section 1 | B1: 2022/23 | C1: 2023/24 | D1: Variance (+/-) | E1: Explanation of Variances
A3: Box 2 Precept | B3: 10935 | C3: 10935 | D3: =C3-B3 -> 0 | E3: No comment required
A5: Box 3 Other income | B5: 9031 | C5: 13615 | D5: =C5-B5 -> 4584 | E5: £2151 - Donation from Ludgershall Fete, £189 - Openreach Wayleave, £1,282 - Gigaclear Wayleave 2023 & 2024. £797 - VG Account Interest
A7: Box 4 Staff Costs | B7: 3751 | C7: 3973 | D7: =C7-B7 -> 222 | E7: No comment required
A9: Box 5 Loan Interest | B9: 0 | C9: 0 | D9: =C9-B9 -> 0 | E9: No comment required
A11: Box 6 Other Payments | B11: 18919 | C11: 11356 | D11: =C11-B11 -> -7563 | E11: £3,713 - 2022 Jubliee Costs, £1,236 - New Benches, £1,062 Posts on the Village Green, £480 - Tree Work, £1,124 - Tractor Service
A13: Box 7 Balances C/Fwd | B13: 80196 | C13: 89763 | D13: =C13-B13 -> 9567 | E13: No comment required
A15: Box 9 Fixed Assets | B15: 129574 | C15: 129404 | D15: =C15-B15 -> -170 | E15: £170 - Sale of Jet Washer
A17: Box 10 Total Borrowings | B17: 0 | C17: 0 | D17: =C17-B17 -> 0 | E17: No comment required
J23: =SUM(J7:J22) -> 0

Sheet End of Year Bank Rec
A1: Ludgershall Parish Council
A2: 1.1 Bank Reconciliation Financial Year Ending 31 March 2024
A4: Balance per Bank Statements as at 31 March 2023 | G4: O/S Cheques
A5: Current Account xx560 | E5: 4272.11 | G5: 125
A6: Play Area Account xx968 | E6: 7209
A7: Savings Account xx860 | E7: 447.75
A8: Village Green Account xx168 | E8: 77959.61
A9: Net Balance as at 31 March 2024 | E9: =SUM(E5:E8) -> 89888.47 | F9: =SUM(E5:E8)-G5 -> 89763.47
A12: Cash Book
A13: Opening Balance 1 April 2023 | G13: 80542.09
A14: Add: Receipts in the Year | G14: 24550
A15: Less: Payments in the Year | G15: 15328.62
A16: Closing Balance per Cash Book as at 31 March 2024 | G16: =SUM(G13:G14)-G15 -> 89763.47

Sheet Asset Register
A1: Description | B1: Value £
A2: Village Green Title BM66944 purchased by the Village in 1980 | B2: 1 | D2: Nat surf
A3: Village Green Title BM79314 purchased by the Village in 1980 | B3: 1 | D3: Nat surf
A4: Kubota B3030 Tractor (purchased July 2013) | B4: 14934.6 | D4: M&M
A5: Wessex Finishing Mower (purchased July 2013) | B5: 1892.7 | D5: M&M
A6: Marquee (purchased from rder Sept 2004) | B6: 7163.98 | D6: OE
A7: Street Furniture (6 Benches, 2 Noticeboards, 2 Rubbish bins, Picnic table) | B7: 4118.25 | D7: SF
A8: 2 Notice Boards (purchased May 2013) | B8: 1880 | D8: SF
A9: 3 Dog waste bins (purchased August 2013) | B9: 924.63 | D9: SF
A10: Defibrillator & cabinet (purchased March 2014) | B10: 1598.25 | D10: SF
A11: Playground Equipment 2020 | B11: 81000 | D11: Play
A12: Strimmer for Play Area | B12: 180 | D12: M&M
A13: Bike Night Bench (purchased June 2014) | B13: 563 | D13: SF
... A20: Laminator | B20: 51.94 | D20: Office
A21: Barbecue | B21: 320
A22: Memorial & Coronation Bench (purchased 2023) | B22: 1235 | D22: SF
A23: Total | B23: =SUM(B2:B22) -> 131906.17

Sheet page 3
